 Dungeon Crawl Stone Soup version 0.25-a0-589-g1e14c549ee (webtiles) character file.

Game seed: 4722760249627207332, levelgen mode: deterministic

23 Esekla the Charlatan (level 2, 0/14 HPs)
             Began as a Spriggan Artificer on Mar 11, 2020.
             Slain by an adder (1 damage)
             ... on level 2 of the Dungeon.
             The game lasted 00:04:19 (1196 turns).

Esekla the Charlatan (Spriggan Artificer)           Turns: 1196, Time: 00:04:20

Health: 0/14       AC:  2    Str:  6 (8)  XL:     2   Next: 72%
Magic:  6/6        EV: 18    Int: 11 (12) God:
Gold:   44         SH:  0    Dex: 13 (16) Spells: 1/1 levels left

rFire    . . .     SeeInvis +   a - +0 short sword
rCold    . . .     Gourm    .   (shield restricted)
rNeg     . . .     Faith    .   b - +0 robe
rPois    .         Spirit   .   (helmet restricted)
rElec    .         Reflect  .   (no cloak)
rCorr    .         Harm     .   (gloves unavailable)
MR       .....                  (boots unavailable)
Stlth    ++........             (no amulet)
HPRegen  0.04/turn              (no ring)
MPRegen  0.10/turn              (no ring)

@: lethally poisoned (0 -> -7), very quick
A: very small, unfitting armour, see invisible, herbivore, speed 3, slow
metabolism 2
a: no special abilities


You were on level 2 of the Dungeon.
You were not hungry.

You visited 1 branch of the dungeon, and saw 2 of its levels.

You collected 44 gold pieces.

Inventory:

Hand Weapons
 a - a +0 short sword (weapon)
 i - a +0 spear
Armour
 b - a +0 robe (worn)
 h - a +0 leather armour
Wands
 c - a wand of flame (15)
 d - a wand of enslavement (15)
 e - a wand of random effects (15)
 n - a wand of digging (7)
Scrolls
 g - a scroll of enchant armour {unknown}
 j - 2 scrolls of remove curse {unknown}
 k - 2 scrolls of identify {unknown}
 m - a scroll of random uselessness {unknown}
Comestibles
 f - 3 rations


   Skills:
 - Level 0.7 Fighting
 * Level 2.5 Short Blades
 + Level 3.5 Dodging
 + Level 2.0 Stealth
 - Level 4.0 Evocations


You had one spell level left.
You didn't know any spells.
Your spell library was empty.

Dungeon Overview and Level Annotations

Branches:
Dungeon (2/15)

Altars:
Nemelex Xobeh


Innate Abilities, Weirdness & Mutations

You are very small and have problems with some larger weapons.
You are too small for most types of armour.
You have supernaturally acute eyesight. (SInv)
You are a herbivore.
You cover ground extremely quickly.
You need to consume almost no food.


Message History

The adder barely misses you.
You hit the adder.
The adder is heavily wounded.
The adder closely misses you.
You hit the adder.
The adder is heavily wounded.
The adder barely misses you. The adder closely misses you. The adder bites you.
* * * LOW HITPOINT WARNING * * *
You are lethally poisoned!
The adder poisons you!
* * * LOW HITPOINT WARNING * * *
You feel sick.
It was a potion of degeneration.
There was something very wrong with that liquid.
You feel weakened.
You feel dopey.
You feel clumsy.
* * * LOW HITPOINT WARNING * * *
You feel sick. The adder bites you.
You die...

##.....## ##.......##
#.!.......# #...%.....#
#.........# #=.......!#
#.........# #........###
#.......@..#
#......S...### ##
##............# .#
#####..........##.#####
.###..............#.......
...#.....#.......##.......
##.#.....##.....## .......
#.###.######.### <......
#.# #.# ##...## .......


You could see an adder.

Vanquished Creatures
  A dart slug (D:1)
  2 leopard geckos (D:2)
  2 giant cockroaches
  2 hobgoblins
  A ball python (D:2)
  3 bats
  A frilled lizard (D:2)
  3 kobolds
  5 rats
20 creatures vanquished.

Notes
Turn   | Place    | Note
-------+----------+-------------------------------------------
     0 | D:1      | Esekla the Spriggan Artificer began the quest for the Orb.
     0 | D:1      | Reached XP level 1. HP: 9/9 MP: 4/4
   529 | D:1      | Reached XP level 2. HP: 12/14 MP: 6/6
  1136 | D:2      | Found a sparkling altar of Nemelex Xobeh.
  1196 | D:2      | Slain by an adder

Levels and vault maps discovered:
D:1:      dpeg_arrival_renting, layout_basic
D:2:      layout_rooms, lemuel_round_altar, first_ration, nrook_mini_vaults,
          minmay_distorted

Skill      XL: |  1  2 |
---------------+-------+-----
Short Blades   | 2 |  2.5
Stealth        | 2 |  2.0
Fighting       | |  0.7
Dodging        | |  3.5
Evocations     | |  4.0

Action                   || total
-------------------------++-------
Melee: Short sword       ||    80
  Use: Potion            ||     1
 Stab: Sleeping          ||     1
Armor: Robe              ||     6
Dodge: Dodged            ||    62

Table legend:
 A = Non-vault XP
 B = Vault XP
 C = Vault XP percentage of total XP
 D = Non-vault monster count
 E = Vault monster count
 F = Vault count percentage of total count
                 A         B        C        D         E       F
            +---------+---------+-------+---------+---------+-------
      Total |      27 |       6 |  18.2 |      17 |       3 |  15.0
            +---------+---------+-------+---------+---------+-------
        D:1 |      14 |       0 |   0.0 |       9 |       0 |   0.0
        D:2 |      13 |       6 |  31.6 |       8 |       3 |  27.3
            +---------+---------+-------+---------+---------+-------
